 Dungeon Crawl Stone Soup version 0.29.1-15-g9cfb28693d (webtiles) character file.

Game seed: 16836287836961316327

13444 EarthwalkerPL the Fighter (level 11, -2/105 HPs)
             Began as a Minotaur Fighter on Mar 25, 2023.
             Was a High Priest of Okawaru.
             Slain by an orc warrior
             ... wielding a +0 long sword of holy wrath
              (3 damage)
             ... on level 9 of the Dungeon.
             The game lasted 00:26:33 (10490 turns).

EarthwalkerPL the Fighter (Minotaur Fighter)       Turns: 10490, Time: 00:26:34

Health: -2/105     AC: 17    Str: 26    XL:     11   Next: 75%
Magic:  10/10      EV: 10    Int:  5    God:    Okawaru [*****.]
Gold:   685        SH:  6    Dex:  9    Spells: 10/10 levels left

rFire   . . .      SeeInvis .   a - +0 war axe
rCold   . . .      Faith    .   c - +0 buckler
rNeg    . . .      Spirit   .   b - +0 scale mail
rPois   .          Reflect  .   (helmet restricted)
rElec   .          Harm     .   p - +0 cloak
rCorr   +          Rampage  .   u - +2 pair of gloves
Will    .....                   v - +1 pair of boots
Stlth   ..........              F - amulet of regeneration
HPRegen 1.07/turn               K - ring of resist corrosion
MPRegen 0.12/turn               (no ring)

@: no status effects
A: horns 2, retaliatory headbutt
a: Renounce Religion, Heroism, Finesse, Duel


You were on level 9 of the Dungeon.
You worshipped Okawaru.
Okawaru was extremely pleased with you.
You visited 3 branches of the dungeon, and saw 13 of its levels.

You collected 685 gold pieces.

Inventory:

Hand Weapons
 a - a +0 war axe (weapon)
 P - a +5 hand axe
Missiles
 q - 3 boomerangs of dispersal
 C - 2 throwing nets
 G - 22 poisoned darts
 M - a curare-tipped dart
 T - 4 boomerangs (quivered)
 U - 2 javelins
Armour
 b - a +0 scale mail (worn)
 c - a +0 buckler (worn)
 p - a +0 cloak (worn)
 u - a +2 pair of gloves (worn)
 v - a +1 pair of boots (worn)
Jewellery
 F - an amulet of regeneration (around neck)
 K - a ring of resist corrosion (left hand)
 S - a ring of ice
Wands
 e - a wand of polymorph (9)
 l - a wand of paralysis (13)
 o - a wand of flame (28)
 r - a wand of digging (2)
 y - a wand of mindburst (19)
 A - a wand of roots (16)
Scrolls
 f - 3 scrolls of enchant weapon
 n - 6 scrolls of fear
 s - 3 scrolls of teleportation {unknown}
 t - 3 scrolls of magic mapping {unknown}
 w - 5 scrolls of vulnerability {unknown}
 x - 2 scrolls of enchant armour {unknown}
 D - 2 scrolls of blinking {unknown}
 E - a scroll of immolation {unknown}
 H - a scroll of summoning {unknown}
 I - 3 scrolls of noise {unknown}
 J - a scroll of amnesia
 O - a scroll of torment
 Q - a scroll of silence
 R - a scroll of butterflies
Potions
 d - 2 potions of might
 g - 4 potions of invisibility {unknown}
 h - 4 potions of curing {unknown}
 i - 4 potions of flight {unknown}
 j - 6 potions of heal wounds {unknown}
 m - 3 potions of attraction {unknown}
 z - a potion of degeneration {unknown}
 B - 3 potions of brilliance {unknown}
 L - a potion of lignification {unknown}
 N - a potion of haste {unknown}


   Skills:
 * Level 12.7 Fighting
 * Level 12.4 Axes
 * Level 12.7 Armour
 + Level 9.4 Shields


You had 10 spell levels left.
You didn't know any spells.
Your spell library contained the following spells:

 Spells                   Type           Power      Damage    Failure   Level
 Static Discharge         Conj/Air       0%         3-3/arc   88%         2
 Dazzling Flash           Conj/Hex       0%         N/A       98%         3
 Ignite Poison            Fire/Tmut/Pois 0%         N/A       98%         3
 Mephitic Cloud           Conj/Pois/Air  0%         N/A       98%         3
 Spider Form              Tmut/Pois      0%         N/A       98%         3
 Iskenderun's Mystic Bla  Conj/Tloc      0%         2d3       100%        4
 Alistair's Intoxication  Tmut/Pois      0%         N/A       100%        5
 Freezing Cloud           Conj/Ice/Air   0%         6-21      100%        5
 Lightning Bolt           Conj/Air       0%         1d11      100%        5
 Starburst                Conj/Fire      0%         6d3       100%        6
 Maxwell's Capacitive Co  Air            0%         ∞         100%        8


Dungeon Overview and Level Annotations

Branches:
Dungeon (11/15)            Temple (1/1) D:7            Lair (0/5) D:10
    Orc (1/2) D:9

Altars:
Ashenzari
Cheibriados
Dithmenos
Elyvilon
Fedhas
Gozag
Hepliaklqana
Kikubaaqudgha
Makhleb
Nemelex Xobeh
Okawaru
Qazlal
Ru
Sif Muna
Trog
Uskayaw
Vehumet
Wu Jian
Xom
Yredelemnul
Zin
The Shining One

Shops:
D:2 [   D:4 (

Portals:
Ice
Cave: Orc:1

Annotations:
D:9 Snorg


Innate Abilities, Weirdness & Mutations

You have a pair of horns on your head.
You reflexively headbutt those who attack you in melee.


Message History

The orc priest hits you but does no damage.
You block the orc warrior's attack. Snorg bites you.
Snorg claws you but does no damage. x2
You climb upwards.
Welcome back to the Dungeon!
Reactivating autopickup.
There is a staircase to the Orcish Mines here.
You slash Snorg! Your headbutt misses Snorg.
Snorg is lightly wounded.
You hit the orc warrior. You barely miss the orc priest.
The orc priest hits you with a +0 whip. The orc warrior closely misses you.
You furiously retaliate!
You headbutt the orc warrior. Snorg closely misses you.
You furiously retaliate!
You headbutt Snorg! Snorg claws you! You block Snorg's attack.
You closely miss Snorg.
Snorg is lightly wounded.
You hit the orc warrior but do no damage.
You barely miss the orc priest. Snorg bites you! Snorg closely misses you.
You block Snorg's attack. The orc priest hits you with a +0 whip.
The orc warrior hits you with a +0 long sword of holy wrath.
Unknown command.
You closely miss Snorg. Your headbutt misses Snorg.
Snorg is lightly wounded.
You hit the orc warrior. You barely miss the orc priest.
Snorg barely misses you. You furiously retaliate!
You headbutt Snorg! Snorg claws you. Snorg claws you but does no damage.
The orc priest hits you but does no damage.
The orc warrior hits you with a +0 long sword of holy wrath.
* * * LOW HITPOINT WARNING * * *
Snorg bites you!!
* * * LOW HITPOINT WARNING * * *
Snorg completely misses you. Snorg claws you but does no damage.
You slice Snorg!!
Snorg is moderately wounded.
You closely miss the orc warrior. You closely miss the orc priest.
Snorg bites you but does no damage. Snorg completely misses you.
Snorg claws you!
* * * LOW HITPOINT WARNING * * *
The orc priest barely misses you.
The orc warrior hits you with a +0 long sword of holy wrath.
You die...

.........####............#
.........# #............#
.........# #............#
.........# #............#
.........#
#...#######..########
.........# #...#
#.....<....
#######..####...##
#..[....... # #.........o#
#..####.... #
#..####..o@######..# #..##
#######..# #....T.......#
#..# .........#
#...######...# #..#
.........####...# #...#
#..# #######.........#
#...####..## # #.........#
#........... # #.........#
#...####....
#######.######..# #...#
#..## ........#
#..######...# #..#


You could see Snorg (berserk), an orc warrior and an orc priest.

Vanquished Creatures
  Erolcha (D:10)
  A centaur warrior (D:9)
  A two-headed ogre (D:10)
  Pikel (D:7)
  A manticore (D:10)
  An orc sorcerer (D:9)
  Maggie (D:6)
  A komodo dragon (D:10)
  A kobold demonologist (D:10)
  3 trolls
  A shadow (D:10)
  Sigmund (D:6)
  A wraith (D:10)
  3 wyverns
  16 yaks
  3 vampire mosquitoes (D:10)
  A steam dragon (D:6)
  Grum (D:8)
  4 water moccasins
  An acid dragon (D:8)
  4 orc warriors
  3 sky beasts (D:7)
  3 black bears (D:10)
  An ogre (D:5)
  2 wolves (D:8)
  5 centaurs
  2 lemures (D:7)
  4 phantoms
  3 kobold brigands
  2 bullfrogs (D:10)
  4 necrophages
  2 gnoll sergeants
  2 scorpions
  5 wights (D:8)
  4 killer bees
  5 electric eels (D:7)
  5 orc priests
  A gnoll bouda (D:7)
  7 hounds
  2 jellies
  Crazy Yiuf (D:2)
  Natasha (thrice) (D:2)
  3 iguanas
  10 orc wizards
  10 adders
  20 gnolls
  9 white imps
  An ufetubus (D:7)
  2 dart slugs
  44 orcs
  3 bats
  7 endoplasms
  6 giant cockroaches
  10 goblins
  12 hobgoblins
  12 jackals
  19 kobolds
  6 quokkas
  9 ball pythons
  5 frilled lizards
  4 rats
306 creatures vanquished.

Vanquished Creatures (others)
  41 fungi (D:10)
  85 plants
126 creatures vanquished.

Grand Total: 432 creatures vanquished

Notes
Turn   | Place    | Note
-------+----------+-------------------------------------------
     0 | D:1      | EarthwalkerPL the Minotaur Fighter began the quest for the
                  | Orb.
     0 | D:1      | Reached XP level 1. HP: 19/19 MP: 0/0
   203 | D:1      | Reached XP level 2. HP: 26/27 MP: 1/1
   565 | D:1      | Reached XP level 3. HP: 33/33 MP: 2/2
   916 | D:2      | Noticed Natasha
   921 | D:2      | Killed Natasha
   922 | D:2      | Reached XP level 4. HP: 22/41 MP: 3/3
  1191 | D:2      | Found Uguopur's Antique Armour Boutique.
  1192 | D:2      | Noticed Natasha
  1206 | D:2      | Killed Natasha
  1694 | D:2      | Noticed Natasha
  1702 | D:2      | Killed Natasha
  1703 | D:2      | Reached XP level 5. HP: 38/47 MP: 4/4
  1802 | D:2      | Found a runed translucent door.
  1803 | D:2      | Noticed Crazy Yiuf
  1883 | D:2      | Killed Crazy Yiuf
  1884 | D:2      | Reached skill level 5 in Armour
  2282 | D:3      | Reached skill level 5 in Fighting
  2644 | D:3      | Reached XP level 6. HP: 56/56 MP: 5/5
  2783 | D:3      | Found an ornate altar of the Wu Jian Council.
  3173 | D:4      | Found a broken altar of Ashenzari.
  3225 | D:4      | Reached skill level 5 in Axes
  3250 | D:4      | Found a glowing silver altar of Zin.
  3250 | D:4      | Found a stormy altar of Qazlal.
  3250 | D:4      | Found a bloodstained altar of Trog.
  3277 | D:4      | Found a shimmering blue altar of Sif Muna.
  3314 | D:4      | Found Ele Hior's Antique Weapon Shoppe.
  3529 | D:4      | Found an opulent altar of Gozag.
  3720 | D:4      | Reached XP level 7. HP: 62/62 MP: 6/6
  4062 | D:5      | Entered Level 5 of the Dungeon
  4079 | D:5      | Reached skill level 5 in Shields
  4324 | D:5      | Found a sacrificial altar of Ru.
  4389 | D:5      | Reached XP level 8. HP: 54/73 MP: 7/7
  4576 | D:5      | Found a snail-covered altar of Cheibriados.
  5336 | D:6      | Noticed Sigmund
  5394 | D:6      | Killed Sigmund
  5645 | D:6      | Noticed Maggie
  5663 | D:6      | Killed Maggie
  5664 | D:6      | Reached XP level 9. HP: 33/82 MP: 8/8
  6531 | D:7      | Noticed Pikel
  6546 | D:7      | Killed Pikel
  6639 | D:7      | Found a staircase to the Ecumenical Temple.
  6698 | Temple   | Entered the Ecumenical Temple
  6899 | Temple   | Became a worshipper of Warmaster Okawaru
  6965 | D:7      | Found a basalt altar of Yredelemnul.
  6965 | D:7      | Found a blossoming altar of Fedhas.
  6981 | D:7      | Reached skill level 10 in Fighting
  6981 | D:7      | Reached XP level 10. HP: 85/93 MP: 9/9
  6987 | D:7      | Reached skill level 10 in Armour
  7006 | D:7      | Reached * piety under Okawaru
  7150 | D:7      | Found a faded altar of an unknown god.
  7150 | D:7      | Found a faded altar of an unknown god.
  7151 | D:7      | Found a hazy altar of Hepliaklqana.
  7262 | D:7      | Reached skill level 10 in Axes
  7712 | D:8      | Reached ** piety under Okawaru
  7890 | D:8      | Noticed Grum
  7902 | D:8      | Killed Grum
  8426 | D:9      | Noticed a centaur warrior
  8434 | D:9      | Killed a centaur warrior
  8434 | D:9      | Reached *** piety under Okawaru
  8478 | D:9      | Reached XP level 11. HP: 80/102 MP: 10/10
  8594 | D:9      | Got the Enchiridion on the Figure
  8667 | D:9      | Found a staircase to the Orcish Mines.
  9018 | D:10     | Entered Level 10 of the Dungeon
  9064 | D:10     | Noticed Erolcha
  9078 | D:10     | Killed Erolcha
  9279 | D:10     | Found a staircase to the Lair.
  9342 | D:10     | Reached **** piety under Okawaru
  9682 | D:10     | Found a white marble altar of Elyvilon.
  9715 | D:10     | Noticed a two-headed ogre
  9724 | D:10     | Killed a two-headed ogre
  9724 | D:10     | Reached ***** piety under Okawaru
 10003 | D:10     | Received a gift from Okawaru
 10042 | D:11     | Noticed a skeletal warrior
 10113 | D:11     | Noticed a skeletal warrior
 10291 | Orc:1    | Entered Level 1 of the Orcish Mines
 10331 | Orc:1    | Noticed an orc sorcerer
 10353 | Orc:1    | Paralysed by an orc sorcerer for 2 turns
 10370 | D:9      | Killed an orc sorcerer
 10425 | Orc:1    | Found a frozen archway.
 10443 | Orc:1    | Noticed Snorg
 10490 | D:9      | HP: 1/105 [Snorg (8)]
 10490 | D:9      | Slain by an orc warrior

Illustrated notes

Levels and vault maps discovered:
D:1:      saegor_arrival_fortress, layout_basic, minmay_crystal_room
D:2:      layout_basic, serial_shops, shop, due_unseen_surprise, uniq_natasha,
          uniq_crazy_yiuf_cottage
D:3:      layout_basic, nzn_wu_jian_contemplation, serial_bayou_lagoon_a,
          minmay_liquid_box, wander_ebering_terrifying_dragon_lair
D:4:      minmay_razor_zed, layout_rooms, cheibrodos_ashenzari_chains,
          mainiacjoe_overflow_small_starburst, minitemple, serial_shops,
          nicolae_shop_crystal, minmay_fractal_squares_5
D:5:      layout_layer_cave, kennysheep_little_box,
          nicolae_ru_sacrificial_ziggurat
D:6:      layout_loops_cross, kennysheep_pointless_box, uniq_sigmund,
          uniq_maggie
D:7:      layout_basic, nicolae_hepliaklqana_ecumenical_no_more,
          chequers_temple_overflow_statue_of_worship, minmay_temple_entry_glass,
          chequers_serial_rivers_micro_a, serial_bayou_lake_a, uniq_pikel
D:8:      layout_basic, uniq_grum
D:9:      layout_small_grid, orc_0_dummy, chequers_serial_rivers_large_a
D:10:     layout_irregular_city, mainiacjoe_overflow_concentric_impassable,
          due_lair_maze_entry_diamond, uniq_erolcha
D:11:     layout_cave_pools, nicolae_trove_entry_path_of_doom
Temple:   grunt_temple_mini_profane
Orc:1:    layout_caves, portal_ice_cave_entry_imps, serial_shops,
          nicolae_diamond_shop, uniq_snorg

Skill      XL: |  1  2  3  4  5  6  7  8  9 10 11 |
---------------+----------------------------------+-----
Armour         | 4 5 7 8 9 11 12 | 12.7
Axes           | 3 4 5 6 8 9 11 12 | 12.4
Fighting       | 4 5 7 8 10 11 12 | 12.7
Shields        | 4 5 6 7 8 9 |  9.4

Action                   |  1- 3 |  4- 6 |  7- 9 | 10-12 || total
-------------------------+-------+-------+-------+-------++-------
Melee: War axe           |    58 |   143 |   281 |   384 ||   866
       Headbutt          |     7 |    13 |    52 |    90 ||   162
Throw: Boomerang         |       |       |     6 |    17 ||    23
       Dart              |       |       |     1 |     6 ||     7
Evoke: Wand              |       |     1 |       |       ||     1
  Use: Scroll            |       |       |       |     6 ||     6
Armor: Scale mail        |    33 |    64 |   171 |   205 ||   473
Dodge: Dodged            |    26 |    53 |   106 |   155 ||   340
Block: Buckler           |    12 |    28 |    62 |    93 ||   195
